 Dungeon Crawl Stone Soup version 0.18-a0-1745-gffa9a88 (webtiles) character file.

23 Galixin the Grasshopper (level 3, 17/27 HPs)
             Began as a Human Warper on Apr 11, 2016.
             Quit the game on level 1 of the Dungeon on Apr 13, 2016.
             The game lasted 00:21:26 (563 turns).

Galixin the Grasshopper (Human Warper)               Turns: 563, Time: 00:21:27

Health: 17/27      AC:  5    Str: 11    XL:     3   Next: 12%
Magic:  6/6        EV: 12    Int: 13    God:
Gold:   21         SH:  0    Dex: 13    Spells: 3 memorised, 1 level left

rFire  . . .     SeeInvis .     a - +0 short sword
rCold  . . .     Gourm    .     b - +0 leather armour
rNeg   . . .     Faith    .     (no shield)
rPois  .         Spirit   .     (no helmet)
rElec  .         Dismiss  .     (no cloak)
rCorr  .         Reflect  .     n - +1 pair of gloves {archery}
SustAt .         Harm     .     (no boots)
MR     .....                    (no amulet)
Stlth  +.........               (no ring)
                                (no ring)

@: not resistant to hostile enchantments, very unstealthy
A: no striking features
a: no special abilities


You were on level 1 of the Dungeon.
You were not hungry.

You visited 1 branch of the dungeon, and saw 1 of its levels.

You collected 21 gold pieces.

Inventory:

Hand Weapons
 a - a +0 short sword (weapon)
Missiles
 e - 4 tomahawks of dispersal (quivered)
 g - 14 arrows of dispersal
 k - 24 arrows
Armour
 b - a +0 leather armour (worn)
 l - a +0 pair of boots
 n - a +1 pair of gloves of archery (worn)
Scrolls
 d - a scroll of blinking
 h - a scroll of identify {unknown}
 i - a scroll of noise {unknown}
Potions
 j - a potion of mutation {unknown}
Books
 c - a book of Spatial Translocations

   Spells                             Type                      Level
   a - Apportation                    Translocation                1
   b - Blink                          Translocation                2
   c - Shroud of Golubria             Charms/Translocation         2
   d - Portal Projectile              Translocation                3
   e - Teleport Other                 Translocation                3
   f - Passage of Golubria            Translocation                4
Comestibles
 f - a bread ration
 m - a beef jerky


   Skills:
 + Level 2.0 Fighting
 + Level 2.2 Short Blades
 + Level 1.2 Throwing
 + Level 1.1 Armour
 + Level 2.2 Dodging
 * Level 0.2 Stealth
 + Level 2.2 Spellcasting
 + Level 3.3 Translocations


You had one spell level left.
You knew the following spells:

 Your Spells              Type           Power        Failure   Level  Hunger
a - Apportation           Tloc           ##........   12%         1    ##.....
b - Blink                 Tloc           N/A          14%         2    ###....
c - Shroud of Golubria    Chrm/Tloc      #.........   28%         2    ###....


Dungeon Overview and Level Annotations

Branches:
Dungeon (1/15)

Altars:


Message History

Keep equipping yourself?
Uppercase [Y]es or [N]o only, please.
Keep equipping yourself?
You start putting on your armour.
You continue putting on your pair of runed gloves. x2
The hobgoblin hits you with a club.
You continue putting on your pair of runed gloves.
The hobgoblin hits you with a club.
You continue putting on your pair of runed gloves.
The hobgoblin hits you with a club.
You finish putting on your +1 pair of gloves of archery.
You feel that your aim is more steady.
You hit the hobgoblin.
The hobgoblin is heavily wounded.
The hobgoblin hits you but does no damage.
You hit the hobgoblin.
You kill the hobgoblin!
Cast which spell? (? or * to list)
Okay, then.
Are you sure you want to abandon this character and quit the game? (Confirm with "yes".)

## #.# .. #.# #..#
#. #.# ##..###
#.##.......
#......... .#
#.#####..# .# #.#
#..#
.#########.#####..#
#..............)@..#
...########..#####.#
.### #..# .# ..#
##..#####.# ..#
#.........# .)#
###...####### ..#
#............ ..#
#.#.#########
..######.#.#


There were no monsters in sight!

Vanquished Creatures
  2 dart slugs (D:1)
  A giant gecko (D:1)
  A giant cockroach (D:1)
  3 goblins (D:1)
  6 hobgoblins (D:1)
  2 kobolds (D:1)
  A bat (D:1)
16 creatures vanquished.

Notes
Turn   | Place    | Note
--------------------------------------------------------------
     0 | D:1      | Galixin the Human Warper began the quest for the Orb.
     0 | D:1      | Reached XP level 1. HP: 16/16 MP: 3/3
    81 | D:1      | Reached XP level 2. HP: 12/22 MP: 5/5
    92 | D:1      | Learned a level 2 spell: Blink
    95 | D:1      | Learned a level 2 spell: Shroud of Golubria
   499 | D:1      | Reached XP level 3. HP: 19/27 MP: 4/6
   563 | D:1      | Quit the game

Vault maps used:
D:1:      minmay_arrival_three_doors

Action                   || total
-------------------------++-------
Melee: Short sword       ||    60
Throw: Tomahawk          ||     1
 Cast: Shroud of Golubri ||     2
       Blink             ||     1
 Stab: Sleeping          ||     1
